 Dungeon Crawl Stone Soup version 0.28.0 (webtiles) character file.

Game seed: 11180334421369313328

273 Strat the Grasshopper (level 6, -1/37 HPs)
             Began as a Deep Elf Warper on Feb 17, 2022.
             Was an Initiate of Sif Muna.
             Slain by a hornet zombie (7 damage)
             ... on level 5 of the Dungeon.
             The game lasted 00:11:40 (6645 turns).

Strat the Grasshopper (Deep Elf Warper)             Turns: 6645, Time: 00:11:40

Health: -1/37      AC:  4    Str: 12    XL:     6   Next: 3%
Magic:  1/12       EV: 13    Int: 20    God:    Sif Muna [......]
Gold:   240        SH:  0    Dex: 14    Spells: 6/11 levels left

rFire   . . .      SeeInvis .   i - +6 mace of Qeibewimm {flame, Str+4}
rCold   . . .      Faith    .   (no shield)
rNeg    . . .      Spirit   .   e - +0 leather armour
rPois   .          Reflect  .   (no helmet)
rElec   .          Harm     .   (no cloak)
rCorr   .          Rampage  .   r - +0 pair of gloves
Will    .....                   (no boots)
Stlth   ++........              (no amulet)
HPRegen 0.12/turn               (no ring)
MPRegen 0.13/turn               (no ring)

@: no status effects
A: no striking features
a: Renounce Religion


You were on level 5 of the Dungeon.
You worshipped Sif Muna.
Sif Muna was noncommittal.
You visited 2 branches of the dungeon, and saw 6 of its levels.

You collected 240 gold pieces.

Inventory:

Hand Weapons
 a - a +0 dagger of venom
 b - a +0 hunting sling
 h - a +0 short sword of freezing
 i - the +6 mace of Qeibewimm (weapon) {flame, Str+4}
   (You found it on level 2 of the Dungeon)

   It burns those it strikes, dealing additional fire damage.
   Str:       It affects your strength (+4).
Missiles
 d - 5 boomerangs of dispersal (quivered)
 f - 50 stones
 l - 38 sling bullets
 p - 20 poisoned darts
Armour
 e - a +0 leather armour (worn)
 r - a +0 pair of gloves (worn)
Wands
 g - a wand of iceblast (9)
Potions
 c - a potion of heal wounds
 j - 2 potions of brilliance {unknown}
 k - a potion of cancellation
 m - a potion of ambrosia
 n - a potion of curing
 t - a potion of haste {unknown}


   Skills:
 + Level 3.0 Fighting
 - Level 2.0 Short Blades
 - Level 1.0 Throwing
 - Level 0.7 Armour
 - Level 4.0 Dodging
 - Level 3.3 Stealth
 + Level 3.2 Spellcasting
 * Level 4.8 Translocations


You had 6 spell levels left.
You knew the following spells:

 Your Spells              Type           Power      Damage    Failure   Level
a - Blink                 Tloc           44%        N/A       3%          2
b - Teleport Other        Tloc           22%        N/A       7%          3

Your spell library contained the following spells:

 Spells                   Type           Power      Damage    Failure   Level
 Gell's Gravitas          Tloc           22%        N/A       7%          3
 Lesser Beckoning         Tloc           22%        N/A       7%          3
 Manifold Assault         Tloc           22%        N/A       54%         5


Dungeon Overview and Level Annotations

Branches:
Dungeon (5/15)             Temple (1/1) D:4

Altars:
Ashenzari
Cheibriados
Dithmenos
Elyvilon
Fedhas
Gozag
Hepliaklqana
Kikubaaqudgha
Makhleb
Nemelex Xobeh
Okawaru
Qazlal
Ru
Sif Muna
Trog
Vehumet
Wu Jian
Xom
Yredelemnul
Zin
The Shining One

Annotations:
D:4 Natasha


Message History

Cast which spell? (? or * to list)
Aiming: Teleport Other (dangerous; 7% risk of failure)
Press: ? - help, Shift-Dir - straight line, f/p - hornet zombie
Aim: a hornet zombie (lightly damaged, chance to affect: 72%)
The hornet zombie looks slightly unstable.
The hornet zombie barely misses you.
Casting: Teleport Other (dangerous; 7% risk of failure)
Confirm with . or Enter, or press ? or * to list all spells.
Aiming: Teleport Other (dangerous; 7% risk of failure)
Press: ? - help, Shift-Dir - straight line, f/p - hornet zombie
Aim: a hornet zombie (lightly damaged, chance to affect: 72%)
The hornet zombie seems more stable.
The hornet zombie hits you.
* * * LOW HITPOINT WARNING * * *
The hornet zombie hits you!
* * * LOW HITPOINT WARNING * * *
Casting: Teleport Other (dangerous; 7% risk of failure)
Confirm with . or Enter, or press ? or * to list all spells.
Aiming: Teleport Other (dangerous; 7% risk of failure)
Press: ? - help, Shift-Dir - straight line, f/p - hornet zombie
Aim: a hornet zombie (lightly damaged, chance to affect: 72%)
The hornet zombie struggles to resist.
The hornet zombie hits you but does no damage.
Casting: Teleport Other (dangerous; 7% risk of failure)
Confirm with . or Enter, or press ? or * to list all spells.
Aiming: Teleport Other (dangerous; 7% risk of failure)
Press: ? - help, Shift-Dir - straight line, f/p - hornet zombie
Aim: a hornet zombie (lightly damaged, chance to affect: 72%)
You miscast Teleport Other.
You are very lightly contaminated with residual magic.
Nothing appears to happen.
The hornet zombie barely misses you.
Unknown command.
A scorpion comes into view.
The hornet zombie hits you!
* * * LOW HITPOINT WARNING * * *
The scorpion moves out of view.
The hornet zombie misses you.
Found 5 gold pieces.
Your magical contamination has completely faded away.
Found an opulent altar of Gozag.
The hornet zombie hits you!
You die...

#.# ...# .....
§..####.###.# ....)
≈...........####.....
≈.#####.##.......<...
#.###.)##...)# §
#.###..#....### .$§
#...#..........
≈≈.≈.#######..........##
_≈.≈...@Z.s.............
§§.≈.#######.##.......##
... #.###......# § #.#
##...#.# #.# ##.##.# #.#
#.##.# #.#####.##.#
#.......##.##
#.####..#...#


You could see a scorpion and a hornet zombie.

Vanquished Creatures
  A bullfrog skeleton (D:5)
  A hound (D:5)
  2 iguanas
  4 gnolls (D:4)
  A howler monkey skeleton (D:5)
  3 adders
  5 orcs (D:3)
  4 bats
  7 endoplasms
  3 giant cockroaches
  3 goblins
  7 hobgoblins
  10 jackals
  2 quokkas (D:5)
  11 ball pythons
  3 frilled lizards
  10 kobolds
  5 rats
82 creatures vanquished.

Vanquished Creatures (others)
  A fungus (D:3)
  A plant (D:1)
2 creatures vanquished.

Grand Total: 84 creatures vanquished

Notes
Turn   | Place    | Note
-------+----------+-------------------------------------------
     0 | D:1      | Strat the Deep Elf Warper began the quest for the Orb.
     0 | D:1      | Reached XP level 1. HP: 12/12 MP: 6/6
    38 | D:1      | You fall into a shaft and drop 1 floor!
   930 | D:2      | Reached skill level 1 in Stealth
   954 | D:2      | Reached XP level 2. HP: 17/17 MP: 8/8
   962 | D:2      | Learned a level 2 spell: Blink
  1126 | D:2      | Identified the +6 mace of Qeibewimm {flame, Str+4}
  1756 | D:1      | Reached XP level 3. HP: 20/21 MP: 9/9
  2274 | D:1      | Found a faded altar of an unknown god.
  2629 | D:3      | Learned a level 3 spell: Teleport Other
  2885 | D:3      | Found a hazy altar of Hepliaklqana.
  2886 | D:3      | Found a broken altar of Ashenzari.
  2886 | D:3      | Found an ornate altar of the Wu Jian Council.
  2887 | D:3      | Found a basalt altar of Yredelemnul.
  3373 | D:3      | Reached XP level 4. HP: 26/27 MP: 10/10
  3572 | D:3      | Found a white marble altar of Elyvilon.
  3790 | D:3      | Found a snail-covered altar of Cheibriados.
  3806 | D:4      | Noticed Natasha
  4875 | D:4      | Reached XP level 5. HP: 27/31 MP: 11/11
  4955 | D:5      | Entered Level 5 of the Dungeon
  4973 | D:4      | Found a staircase to the Ecumenical Temple.
  4986 | Temple   | Entered the Ecumenical Temple
  5397 | Temple   | Became a worshipper of Sif Muna the Loreminder
  5993 | D:5      | Noticed a necrophage
  6018 | D:5      | Found a burning altar of Makhleb.
  6523 | D:5      | Reached XP level 6. HP: 30/37 MP: 12/12
  6645 | D:5      | Found an opulent altar of Gozag.
  6645 | D:5      | Slain by a hornet zombie

Illustrated notes

Levels and vault maps discovered:
D:1:      lemuel_arrival_lava_pool, layout_loops_ring,
          shapermc_ecumenical_altar_mp_urbaneastern, minmay_misc_feat_pillars
D:2:      layout_basic
D:3:      layout_basic, slow_altar_2,
          chequers_temple_overflow_statue_of_worship,
          mainiacjoe_overflow_chevrons
D:4:      layout_cave_pools, minmay_temple_entry_hall, uniq_natasha
D:5:      layout_loops_ring, makhleb_heckhound_becter,
          mainiacjoe_overflow_catwalk_spiral
Temple:   nicolae_temple_figure_eight

Skill      XL: |  1  2  3  4  5 |
---------------+----------------+-----
Stealth        | 1 2 3 |  3.3
Fighting       | 2 3 |  3.0
Dodging        | 3 4 |  4.0
Translocations | 4 |  4.8
Short Blades   | |  2.0
Throwing       | |  1.0
Armour         | |  0.7
Spellcasting   | |  3.2

Action                   |  1- 3 |  4- 6 || total
-------------------------+-------+-------++-------
Melee: Short sword       |    27 |       ||    27
       Dagger            |    59 |   114 ||   173
       Punch             |       |     4 ||     4
       Mace              |       |     8 ||     8
 Fire: Hunting sling     |    91 |    51 ||   142
 Cast: Teleport Other    |       |     3 ||     3
Evoke: Wand              |       |     1 ||     1
  Use: Scroll            |       |    10 ||    10
 Stab: Sleeping          |       |     1 ||     1
Armor: Leather armour    |    28 |    32 ||    60
Dodge: Dodged            |    78 |    92 ||   170
